 Dungeon Crawl Stone Soup version 0.29-a0-1065-g47a6bb87d6 (webtiles) character file.

Game seed: 6705687895252636468

367 quixfox the Conjurer (level 6, -3/41 HPs)
             Began as a Demonspawn Conjurer on Aug 18, 2022.
             Slain by Edmund
             ... wielding a +1 vorpal flail
              (5 damage)
             ... on level 4 of the Dungeon.
             The game lasted 00:07:30 (4209 turns).

quixfox the Conjurer (Demonspawn Conjurer)          Turns: 4209, Time: 00:07:31

Health: -3/41      AC:  7    Str: 13    XL:     6   Next: 41%
Magic:  10/12      EV: 12    Int: 21    God:
Gold:   151        SH:  0    Dex: 18    Spells: 6/13 levels left

rFire   . . .      SeeInvis .   n - +0 dagger (speed)
rCold   . . .      Faith    .   (no shield)
rNeg    . . .      Spirit   .   a - +0 robe
rPois   .          Reflect  .   (no helmet)
rElec   .          Harm     .   (no cloak)
rCorr   .          Rampage  .   d - +0 pair of gloves
Will    .....                   k - +0 pair of boots
Stlth   ++........              (no amulet)
HPRegen 0.13/turn               q - +6 ring of dexterity
MPRegen 0.13/turn               m - +6 ring of strength

@: no status effects
A: thin metallic scales 2, powered by pain 1
a: no special abilities


You were on level 4 of the Dungeon.
You visited 1 branch of the dungeon, and saw 4 of its levels.

You collected 151 gold pieces.

Inventory:

Hand Weapons
 n - a +0 dagger of speed (weapon)
Armour
 a - a +0 robe (worn)
 d - a +0 pair of gloves (worn)
 k - a +0 pair of boots (worn)
Jewellery
 c - a ring of protection from cold
 m - a +6 ring of strength (right hand)
 q - a +6 ring of dexterity (left hand)
Scrolls
 e - a scroll of amnesia
 g - a scroll of vulnerability
 h - 2 scrolls of teleportation
Potions
 j - 2 potions of curing
 l - 2 potions of heal wounds {unknown}
 o - a potion of might {unknown}
 p - a potion of brilliance {unknown}


   Skills:
 - Level 1.7 Dodging
 - Level 1.7 Stealth
 + Level 4.1 Spellcasting
 * Level 6.6 Conjurations


You had 6 spell levels left.
You knew the following spells:

 Your Spells              Type           Power      Damage    Failure   Level
a - Magic Dart            Conj           100%       1d8       1%          1
b - Searing Ray           Conj           64%        2d6       1%          2
c - Iskenderun's Mystic   Conj/Tloc      18%        2d6       30%         4

Your spell library contained the following spells:

 Spells                   Type           Power      Damage    Failure   Level
 Conjure Flame            Conj/Fire      18%        6-21      9%          3
 Dazzling Flash           Conj/Hex       36%        N/A       9%          3
 Apportation              Tloc           8%         N/A       12%         1
 Necrotise                Necr           16%        1d4       12%         1
 Summon Small Mammal      Summ           16%        N/A       12%         1
 Fulminant Prism          Conj/Hex       9%         3d7       30%         4
 Sticky Flame             Conj/Fire      18%        2d4       30%         4
 Confusing Touch          Hex            4%         N/A       34%         3
 Gell's Gravitas          Tloc           4%         N/A       34%         3
 Ignite Poison            Fire/Tmut/Pois 4%         N/A       34%         3
 Lesser Beckoning         Tloc           4%         N/A       34%         3
 Teleport Other           Tloc           4%         N/A       34%         3
 Alistair's Intoxication  Tmut/Pois      2%         N/A       97%         5
 Yara's Violent Unravell  Hex/Tmut       2%         3d3       97%         5
 Enfeeble                 Hex            2%         N/A       100%        7


Dungeon Overview and Level Annotations

Branches:
Dungeon (4/15)
 Temple: D:4-7

Altars:
Hepliaklqana

Annotations:
D:4 Edmund


Innate Abilities, Weirdness & Mutations

You are mostly covered in thin metallic scales. (AC +3)
You sometimes gain a little power by taking damage.


Message History

Edmund misses you.
Casting: Searing Ray (safe; 1% risk of failure)
Confirm with . or Enter, or press ? or * to list all spells.
Aiming: Searing Ray (safe; 1% risk of failure)
Press: ? - help, Shift-Dir - straight line, f/p - Edmund
Aim: Edmund, wielding a +1 vorpal flail and wearing a +0 ring mail (heavily wounded, 83% to hit)
The searing ray hits Edmund.
Edmund is severely wounded. (Press . to maintain the ray.) Edmund barely misses you.
The searing ray hits Edmund.
Edmund is severely wounded.
Edmund closely misses you.
You barely miss Edmund.
Edmund is severely wounded.
You hit Edmund but do no damage.
Edmund is severely wounded.
Edmund clears his throat.
Edmund hits you but does no damage.
You hit Edmund.
Edmund is severely wounded.
Edmund hits you with a +1 vorpal flail.
You hit Edmund but do no damage.
Edmund is severely wounded.
You hit Edmund.
Edmund is severely wounded.
Edmund barely misses you. Magic courses through your body.
Edmund hits you with a +1 vorpal flail!
* * * LOW HITPOINT WARNING * * *
x2
Casting: Searing Ray (safe; 1% risk of failure)
Confirm with . or Enter, or press ? or * to list all spells.
Aiming: Searing Ray (safe; 1% risk of failure)
Press: ? - help, Shift-Dir - straight line, f/p - Edmund
Aim: Edmund, wielding a +1 vorpal flail and wearing a +0 ring mail (severely wounded, 83% to hit)
The searing ray hits Edmund but does no damage.
Edmund is severely wounded. (Press . to maintain the ray.) Edmund barely misses you.
The searing ray misses Edmund.
Edmund hits you with a +1 vorpal flail.
You die...

########
#<#....#
#.#.##@#
#.#.##@#
#...##†#
######..
..# #.#
... ###


You could see Edmund.

Vanquished Creatures
  An orc warrior (D:3)
  2 jellies (D:2)
  An iguana (D:4)
  An orc wizard (D:3)
  A gnoll (D:1)
  6 adders
  4 worms
  2 dart slugs
  2 orcs (D:3)
  8 ball pythons
  4 bats
  14 endoplasms
  2 giant cockroaches (D:2)
  7 goblins
  5 hobgoblins
  13 kobolds
  3 quokkas
  4 frilled lizards
  7 rats
87 creatures vanquished.

Vanquished Creatures (others)
  5 fungi (D:2)
  13 toadstools (D:2)
18 creatures vanquished.

Grand Total: 105 creatures vanquished

Notes
Turn   | Place    | Note
-------+----------+-------------------------------------------
     0 | D:1      | quixfox the Demonspawn Conjurer began the quest for the
                  | Orb.
     0 | D:1      | Reached XP level 1. HP: 13/13 MP: 3/3
   189 | D:1      | Found a faded altar of an unknown god.
   197 | D:1      | Gained mutation: You sometimes gain a little power by
                  | taking damage. [demonic ancestry]
   197 | D:1      | Reached XP level 2. HP: 19/19 MP: 3/5
   528 | D:1      | Gained mutation: You are partially covered in thin metallic
                  | scales. (AC +2) [demonic ancestry]
   528 | D:1      | Reached XP level 3. HP: 24/24 MP: 2/7
  1329 | D:2      | Learned a level 2 spell: Searing Ray
  1514 | D:2      | Gained mutation: You are mostly covered in thin metallic
                  | scales. (AC +3) [demonic ancestry]
  1514 | D:2      | Reached XP level 4. HP: 30/30 MP: 5/8
  1561 | D:2      | Reached skill level 5 in Conjurations
  1819 | D:2      | Learned a level 4 spell: Iskenderun's Mystic Blast
  2877 | D:2      | Reached XP level 5. HP: 35/35 MP: 1/10
  3180 | D:3      | Noticed an orc warrior
  3630 | D:3      | Reached skill level 6 in Conjurations
  3973 | D:3      | Killed an orc warrior
  3974 | D:3      | Reached XP level 6. HP: 41/41 MP: 1/12
  3981 | D:3      | Found a hazy altar of Hepliaklqana.
  4190 | D:4      | Noticed Edmund
  4207 | D:4      | HP: 2/41 [Edmund/+1 vorpal flail (3)]
  4209 | D:4      | Slain by Edmund

Illustrated notes

Levels and vault maps discovered:
D:1:      dpeg_arrival_stone_temple_mockup, layout_basic,
          ebering_ecumenical_altar_petrified
D:2:      cheibrodos_fertilizer, layout_basic, kennysheep_generic_room_10
D:3:      layout_loops_ring, mainiacjoe_overflow_brackets,
          minmay_misc_feat_room, kennysheep_generic_room_14
D:4:      layout_basic, temple_pool_b, gup_ossuary_entry_pyramid, uniq_grinder,
          uniq_robin, uniq_eustachio, uniq_edmund

Skill      XL: |  1  2  3  4  5 |
---------------+----------------+-----
Spellcasting   | 3 4 |  4.1
Conjurations   | 5 6 |  6.6
Dodging        | |  1.7
Stealth        | |  1.7

Action                   |  1- 3 |  4- 6 || total
-------------------------+-------+-------++-------
Melee: Dagger            |       |     5 ||     5
 Cast: Magic Dart        |    74 |    66 ||   140
       Searing Ray       |       |    20 ||    20
  Use: Scroll            |       |     6 ||     6
       Potion            |       |     1 ||     1
Armor: Robe              |     3 |     4 ||     7
Dodge: Dodged            |     5 |     9 ||    14

Table legend: (Time is in decaauts)
 A = Elapsed time spent in this place.
 B = Non-inter-level travel time spent in this place.
 C = Inter-level travel time spent in this place.
 D = Time resting spent in this place.
 E = Time spent auto-exploring this place.
 F = Levels seen in this place.
 G = Mean time per level.
                   A        B        C        D        E       F      G
               +--------+--------+--------+--------+--------+-----+--------+
         Total |   4203 |   4158 |     45 |    499 |   3171 |   4 | 1050.8 |
       Dungeon |   4203 |   4158 |     45 |    499 |   3171 |   4 | 1050.8 |
               +--------+--------+--------+--------+--------+-----+--------+

Top non-repeatable levels by time:
     D:2: 1937 daAuts
     D:1: 1177 daAuts
     D:3: 1017 daAuts
     D:4: 71 daAuts
